 Dungeon Crawl Stone Soup version 0.17-a0-1954-g0dddeaa (webtiles) character file.

3674 Ordine the Stickfighter (level 9, 0/68 HPs)
             Began as a Minotaur Gladiator on Oct 4, 2015.
             Was an Elder of Okawaru.
             Slain by a killer bee (2 damage)
             ... on level 9 of the Dungeon.
             The game lasted 00:24:41 (7811 turns).

Ordine the Stickfighter (Minotaur Gladiator)        Turns: 7811, Time: 00:24:41

Health: 0/68       AC: 12    Str: 20    XL:     9   Next: 89%
Magic:  8/8        EV:  8    Int:  5    God:    Okawaru [****..]
Gold:   265        SH:  0    Dex: 14    Spells: 0 memorised, 8 levels left

rFire  . . .     SeeInvis +     a - +1 quarterstaff
rCold  . . .     Clarity  .     m - +0 plate armour
rNeg   . . .     SustAt   .     (no shield)
rPois  .         Gourm    .     c - +0 hat
rElec  .         Spirit   .     (no cloak)
rCorr  .         Warding  .     (no gloves)
rMut   .         Stasis   .     l - +0 pair of boots
MR     .....                    b - amulet of regeneration
Stlth  ..........               B - ring of stealth
                                i - ring of see invisible

@: not resistant to hostile enchantments, extremely unstealthy
A: retaliatory headbutt, horns 2, breathe flames 1, deterioration 1
a: Heroism, Renounce Religion, Breathe Fire


You were on level 9 of the Dungeon.
You worshipped Okawaru.
Okawaru was greatly pleased with you.
You were not hungry.

You visited 2 branches of the dungeon, and saw 10 of its levels.

You collected 265 gold pieces.

Inventory:

Hand weapons
 a - a +1 quarterstaff (weapon)
 d - the +6 arbalest "Hellfire" {hellfire, rF++ rC- MR+}
   (You found it on level 7 of the Dungeon)

   It greatly protects you from fire.
   It makes you vulnerable to cold.
   It affects your resistance to hostile enchantments.
Armour
 c - a +0 hat (worn)
 l - a +0 pair of boots (worn)
 m - a +0 plate armour (worn)
Jewellery
 b - an amulet of regeneration (around neck)
 i - a ring of see invisible (left hand)
 p - an uncursed ring of teleportation
 B - a ring of stealth (right hand)
Magical devices
 j - a wand of magic darts (9)
 w - a wand of magic darts (35)
 y - a wand of digging (10)
Scrolls
 v - 2 scrolls of immolation
 z - a scroll of recharging
 C - 2 scrolls of enchant weapon
 D - a scroll of remove curse
Potions
 f - 2 potions of brilliance
 k - 3 potions of flight
 o - 2 potions of invisibility
 x - a potion of poison {unknown}
 A - 5 potions of haste {unknown}
Books
 q - a book of Fire

   Spells                             Type                      Level
   a - Ignite Poison                  Fire/Transmutation/Poison    3
   b - Fireball                       Conjuration/Fire             5
   c - Bolt of Fire                   Conjuration/Fire             6
   d - Delayed Fireball               Conjuration/Fire             7
   e - Ring of Flames                 Charms/Fire                  7
 s - a book of the Dragon

   Spells                             Type                      Level
   a - Flame Tongue                   Conjuration/Fire             1
   b - Cause Fear                     Hexes                        4
   c - Bolt of Fire                   Conjuration/Fire             6
   d - Dragon Form                    Transmutation                7
   e - Dragon's Call                  Summoning                    9
Comestibles
 e - 10 bread rations
 r - 5 fruits
 t - a slice of pizza


   Skills:
 - Level 2.4 Fighting
 - Level 15.4 Staves
 - Level 2.0 Throwing
 + Level 3.7 Armour
 + Level 4.7 Dodging


You had 8 spell levels left.
You didn't know any spells.

Dungeon Overview and Level Annotations

Branches:
Dungeon (9/15)             Temple (1/1) D:6
   Lair: D:8-11         Orc: D:9-12

Altars:
Ashenzari
Cheibriados
Dithmenos
Elyvilon
Fedhas
Gozag
Kikubaaqudgha
Makhleb
Nemelex Xobeh
Okawaru
Qazlal
Ru
Sif Muna
Trog
Vehumet
Xom
Yredelemnul
Zin
The Shining One

Shops:
D:7 [


Innate Abilities, Weirdness & Mutations

You reflexively headbutt those who attack you in melee.
You have a pair of horns on your head.
You can breathe flames.
Your body sometimes deteriorates upon taking damage.


Message History

A killer bee is nearby!
A killer bee is nearby!
A killer bee is nearby!
A killer bee is nearby!
You are too injured to fight recklessly!
You are too injured to fight recklessly!
The killer bee buzzes angrily.
The killer bee stings you!
* * * LOW HITPOINT WARNING * * *
Your plate armour prevents you from hitting the killer bee.
Your headbutt misses the killer bee.
* * * LOW HITPOINT WARNING * * *
You feel sick.
You are no longer poisoned.
The killer bee barely misses you. You furiously retaliate!
You headbutt the killer bee. You closely miss the killer bee.
The killer bee is lightly wounded.
The killer bee stings you.
You die...

###
###.
#.. ...
#.# ..#
#.# ..#
#.##..#
#.#...
#.#.#
#<.@#
###y#
....
######


You could see a killer bee.

Vanquished Creatures
  Prince Ribbit (D:5)
  A two-headed ogre (D:7)
  Sigmund (D:3)
  A hippogriff (D:7)
  2 hungry ghosts (D:7)
  Edmund (D:6)
  Duvessa (D:4)
  A black bear (D:4)
  2 sky beasts
  5 centaurs
  A wasp (D:8)
  2 ogres
  A crocodile (D:8)
  A giant frog (D:7)
  Dowan (D:4)
  2 scorpions (D:5)
  8 killer bees
  3 crimson imps
  A quasit (D:8)
  3 hounds
  A giant frog zombie (D:5)
  3 orc wizards
  3 jellies
  A centaur skeleton (D:4)
  A giant frog skeleton (D:5)
  An orc priest (D:6)
  2 iguanas
  5 worker ants
  A hound zombie (D:7)
  2 hound skeletons
  11 adders
  A shadow imp (D:7)
  2 oozes
  An adder zombie (D:5)
  3 adder skeletons
  6 worms
  4 giant geckos
  28 orcs
  6 giant cockroaches
  7 goblins
  10 hobgoblins
  7 jackals
  A quokka (D:3)
  3 ball pythons
  9 bats
  A giant gecko skeleton (D:4)
  3 giant newts
  4 kobolds (D:1)
  10 rats
176 creatures vanquished.

Notes
Turn   | Place    | Note
--------------------------------------------------------------
     0 | D:1      | Ordine the Minotaur Gladiator began the quest for the Orb.
     0 | D:1      | Reached XP level 1. HP: 18/18 MP: 0/0
    52 | D:1      | Reached skill level 4 in Staves
    62 | D:1      | Reached XP level 2. HP: 22/25 MP: 1/1
   346 | D:1      | Reached skill level 5 in Staves
   484 | D:1      | Reached XP level 3. HP: 28/30 MP: 2/2
   996 | D:2      | Found a snail-covered altar of Cheibriados.
   999 | D:2      | Found a shattered altar of Ashenzari.
  1003 | D:2      | Found a stormy altar of Qazlal.
  1003 | D:2      | Found an iron altar of Okawaru.
  1003 | D:2      | Found an opulent altar of Gozag.
  1003 | D:2      | Found a shimmering altar of Xom.
  1008 | D:2      | Found a sparkling altar of Nemelex Xobeh.
  1015 | D:2      | Became a worshipper of Warmaster Okawaru
  1217 | D:2      | Reached XP level 4. HP: 37/37 MP: 3/3
  1296 | D:3      | Reached skill level 6 in Staves
  2000 | D:3      | Noticed Sigmund
  2012 | D:3      | Killed Sigmund
  2012 | D:3      | Acquired Okawaru's first power
  2012 | D:3      | Reached skill level 8 in Staves
  2012 | D:3      | Reached XP level 5. HP: 18/42 MP: 4/4
  2012 | D:3      | Reached XP level 6. HP: 21/50 MP: 5/5
  2417 | D:4      | Noticed Dowan
  2418 | D:4      | Noticed Duvessa
  2474 | D:4      | Reached skill level 9 in Staves
  2938 | D:4      | Reached XP level 7. HP: 52/56 MP: 6/6
  3243 | D:4      | Reached skill level 10 in Staves
  3278 | D:4      | Killed Duvessa
  3287 | D:4      | Killed Dowan
  3504 | D:4      | Found a glowing golden altar of the Shining One.
  3540 | D:4      | Found a basalt altar of Yredelemnul.
  3546 | D:4      | Noticed an angel
  3567 | D:5      | Entered Level 5 of the Dungeon
  3575 | D:5      | Reached skill level 11 in Staves
  3752 | D:5      | Reached XP level 8. HP: 14/62 MP: 7/7
  4142 | D:5      | Noticed Prince Ribbit
  4157 | D:5      | Killed Prince Ribbit
  4157 | D:5      | Reached skill level 12 in Staves
  4706 | D:5      | Noticed a moth of wrath
  4709 | D:5      | Found a bloodstained altar of Trog.
  4941 | D:6      | Reached skill level 13 in Staves
  5104 | D:6      | Gained mutation: Your spells are a little harder to cast, but a little more powerful. [potion of beneficial mutation]
  5282 | D:6      | Noticed Edmund
  5283 | D:6      | Found a bloodstained altar of Trog.
  5295 | D:6      | Killed Edmund
  5325 | D:6      | Found a staircase to the Ecumenical Temple.
  5334 | Temple   | Entered the Ecumenical Temple
  5598 | D:6      | Found a sacrificial altar of Ru.
  5971 | D:7      | Reached XP level 9. HP: 18/68 MP: 8/8
  5997 | D:7      | Reached skill level 14 in Staves
  6001 | D:7      | Noticed a two-headed ogre
  6307 | D:7      | Killed a two-headed ogre
  6634 | D:7      | Reached skill level 15 in Staves
  6766 | D:7      | Found a blossoming altar of Fedhas.
  6823 | D:7      | Lost mutation: Your spells are a little harder to cast, but a little more powerful. [mutagenic meat]
  6824 | D:7      | Gained mutation: You can breathe flames. [mutagenic meat]
  6825 | D:7      | Gained mutation: Your body sometimes deteriorates upon taking damage. [mutagenic meat]
  7479 | D:7      | Found Naga's Armour Shop.
  7486 | D:7      | Reached skill level 1 in Armour
  7778 | D:9      | HP: 3/68 [poisoned by a killer bee]
  7783 | D:9      | HP: 2/68 [poisoned by a killer bee]
  7788 | D:9      | HP: 2/68 [poisoned by a killer bee]
  7794 | D:9      | HP: 3/68 [poisoned by a killer bee]
  7809 | D:9      | HP: 2/68 [killer bee (7)]
  7811 | D:9      | Slain by a killer bee

Vault maps used:
D:1:      matt_arrival_los_fun, kennysheep_another_room
D:2:      minitemple
D:3:      first_bread, uniq_sigmund
D:4:      grunt_temple_overflow_holy_war, uniq_duvessa
D:5:      tgw_trog, uniq_prince_ribbit1
D:6:      old_standard_altar, nicolae_ru_sacrificial_ziggurat, uniq_edmund
D:7:      fedhas_altar_2, serial_shops, shop, grunt_potential
D:8:      david_nohive_1
D:9:      minmay_four_partial_circles, orc_0_dummy, uniq_erica, uniq_grum
Temple:   jpeg_temple_alley_garden_8

Action                   |  1- 3 |  4- 6 |  7- 9 || total
-------------------------+-------+-------+-------++-------
Melee: Quarterstaff      |    95 |    92 |   360 ||   547
Throw: Throwing net      |       |     3 |     2 ||     5
Evoke: Wand              |       |       |     1 ||     1
  Use: Scroll            |    10 |     3 |    11 ||    24
       Potion            |       |       |     7 ||     7
 Stab: Held in net/web   |       |       |     3 ||     3
  Eat: Chunk             |     1 |     3 |    18 ||    22
       Beef jerky        |       |     1 |     4 ||     5
       Fruit             |       |       |     4 ||     4
